 Dungeon Crawl Stone Soup version 0.19-a0-599-g723c685 (webtiles) character file.

484 shmeve the Skirmisher (level 6, 0/58 HPs)
             Began as a Minotaur Berserker on June 11, 2016.
             Was a Priest of Trog.
             Succumbed to a water moccasin's poison
             ... on level 4 of the Dungeon on June 12, 2016.
             The game lasted 00:07:12 (2913 turns).

shmeve the Skirmisher (Minotaur Berserker)          Turns: 2913, Time: 00:07:13

Health: 0/58       AC:  6    Str: 23    XL:     6   Next: 88%
Magic:  5/5        EV: 13    Int:  4    God:    Trog [***...]
Gold:   214        SH:  0    Dex: 10    Spells: 0 memorised, 5 levels left

rFire  . . .     SeeInvis .     r - +0 battleaxe
rCold  . . .     Gourm    .     b - +0 animal skin
rNeg   . . .     Faith    .     (shield currently unavailable)
rPois  .         Spirit   .     (helmet restricted)
rElec  .         Dismiss  .     w - +0 cloak
rCorr  .         Reflect  .     (no gloves)
SustAt .         Harm     .     s - +0 pair of boots
MR     ++...                    t - amulet of regeneration
Stlth  +.........               (no ring)
                                e - +2 ring of protection

@: lethally poisoned (0 -> -9), regenerating, very resistant to hostile
enchantments, very unstealthy
A: retaliatory headbutt, horns 2
a: Berserk, Trog's Hand, Burn Spellbooks, Renounce Religion


You were on level 4 of the Dungeon.
You worshipped Trog.
Trog was most pleased with you.
You were hungry.

You visited 1 branch of the dungeon, and saw 4 of its levels.

You collected 214 gold pieces.

Inventory:

Hand Weapons
 a - a +0 hand axe
 r - a +0 battleaxe (weapon)
Armour
 b - a +0 animal skin (worn)
 s - a +0 pair of boots (worn)
 w - a +0 cloak (worn)
Jewellery
 e - a +2 ring of protection (left hand)
 t - an amulet of regeneration (around neck)
Scrolls
 f - a scroll of magic mapping {unknown}
 h - 2 scrolls of random uselessness {unknown}
 k - a scroll of blinking {unknown}
 l - 3 scrolls of teleportation {unknown}
 m - 2 scrolls of enchant armour {unknown}
 p - 2 scrolls of enchant weapon {unknown}
 q - 2 scrolls of remove curse {unknown}
 u - a scroll of identify {unknown}
 v - a scroll of fog {unknown}
Potions
 d - 2 potions of flight {unknown}
 g - 2 potions of degeneration {unknown}
 n - a potion of cancellation {unknown}
 o - 3 potions of agility {unknown}
Comestibles
 c - 2 bread rations
 i - 2 meat rations
 j - a slice of pizza


   Skills:
 * Level 6.4 Fighting
 * Level 5.7 Axes
 + Level 4.4 Armour
 + Level 3.9 Dodging


You had 5 spell levels left.
You didn't know any spells.

Dungeon Overview and Level Annotations

Branches:
Dungeon (4/15)
 Temple: D:4-7

Altars:
Hepliaklqana
Kikubaaqudgha
Pakellas


Innate Abilities, Weirdness & Mutations

You reflexively headbutt those who attack you in melee.
You have a pair of horns on your head.


Message History

* * * LOW HITPOINT WARNING * * *
You are more poisoned.
The water moccasin poisons you!
The water moccasin bites you but does no damage.
Your skin crawls.
You feel resistant to hostile enchantments.
You feel somewhat more hungry.
* * * LOW HITPOINT WARNING * * *
You feel very sick.
The water moccasin bites you but does no damage.
You barely miss the water moccasin.
The water moccasin is moderately wounded.
* * * LOW HITPOINT WARNING * * *
You feel very sick. The water moccasin misses you.
The water moccasin closely misses you. You furiously retaliate!
You headbutt the water moccasin. You closely miss the water moccasin.
Your headbutt misses the water moccasin.
The water moccasin is heavily wounded.
You die...

....## .#[...
##........##.
.....##
......###.........##
# .......
#.........###<.#..#
#...... #.......#
#..##.## .....
#.......# ##..##..##
..## #....#
#........# ##
#....###......#...
####.......######...
#..@...#..## ..#
.......S..###..# .#
..........# ##..# .#
..........# #..#
..........# #.#
.........## #..
.........# ..
..........


You could see a water moccasin.

Vanquished Creatures
  Grinder (D:3)
  Menkaure (D:4)
  Robin (D:4)
  6 adders
  2 oozes
  An adder skeleton (D:4)
  3 worms (D:2)
  3 dart slugs (D:1)
  3 giant geckos
  An orc (D:3)
  A ball python (D:2)
  A bat zombie (D:3)
  3 giant cockroaches
  14 goblins
  15 hobgoblins
  4 jackals (D:1)
  A quokka (D:3)
  8 bats
  A giant gecko skeleton (D:4)
  3 giant newts (D:1)
  6 kobolds
  8 rats
87 creatures vanquished.

Vanquished Creatures (others)
  A hydra (D:2)
1 creature vanquished.

Grand Total: 88 creatures vanquished

Notes
Turn   | Place    | Note
--------------------------------------------------------------
     0 | D:1      | shmeve the Minotaur Berserker began the quest for the Orb.
     0 | D:1      | Reached XP level 1. HP: 19/19 MP: 0/0
   214 | D:1      | Reached skill level 4 in Fighting
   214 | D:1      | Reached XP level 2. HP: 24/27 MP: 1/1
   532 | D:1      | Reached XP level 3. HP: 17/33 MP: 2/2
   609 | D:1      | Reached ** piety under Trog
  1020 | D:2      | Found an oddly glowing altar of Pakellas.
  1020 | D:2      | Noticed a four-headed hydra
  1026 | D:2      | Killed a four-headed hydra
  1202 | D:2      | Reached XP level 4. HP: 39/41 MP: 3/3
  1341 | D:2      | Found a faded altar of an unknown god.
  1523 | D:2      | You fall through a shaft!
  1586 | D:2      | Found a hazy altar of Hepliaklqana.
  1764 | D:2      | Reached skill level 5 in Fighting
  2042 | D:3      | Reached *** piety under Trog
  2232 | D:3      | Reached XP level 5. HP: 48/48 MP: 4/4
  2477 | D:3      | Noticed Grinder
  2484 | D:3      | Killed Grinder
  2484 | D:3      | Reached skill level 5 in Axes
  2484 | D:3      | Reached XP level 6. HP: 57/57 MP: 5/5
  2649 | D:3      | Found an ancient bone altar of Kikubaaqudgha.
  2681 | D:4      | Noticed Robin
  2691 | D:4      | Killed Robin
  2691 | D:4      | Reached skill level 6 in Fighting
  2746 | D:4      | Noticed Menkaure
  2754 | D:4      | Killed Menkaure
  2899 | D:4      | Noticed a water moccasin
  2913 | D:4      | Succumbed to a water moccasin's poison

Vault maps used:
D:1:      mrwooster_arrival_statue
D:2:      lemuel_coloured_pillars_altar, gammafunk_pakellas_cloud_experiment,
          ecumenical_altar_2
D:3:      lemuel_zombie_altar_kikubaaqudgha, uniq_grinder
D:4:      first_bread, hex_medium, uniq_menkaure, uniq_robin

Skill      XL: |  1  2  3  4  5  6 |
---------------+-------------------+-----
Fighting       | 4 5 6 |  6.4
Axes           | 4 5 |  5.7
Armour         | 3 4 |  4.4
Dodging        | 3 |  3.9

Action                   |  1- 3 |  4- 6 || total
-------------------------+-------+-------++-------
Melee: Hand axe          |    79 |       ||    79
       Headbutt          |    17 |    12 ||    29
       Battleaxe         |     2 |    93 ||    95
Invok: Berserk           |       |     1 ||     1
       Trog's Hand       |       |     1 ||     1
  Eat: Chunk             |     1 |     6 ||     7
Armor: Animal skin       |    14 |    25 ||    39
Dodge: Dodged            |    58 |    93 ||   151
